 Dungeon Crawl Stone Soup version 0.30-a0-297-g0ec75d9ef4 (webtiles) character file.

Game seed: 2369598436852510927

52 MrRokkomies the Sneak (level 3, -3/33 HPs)
             Began as an Armataur Delver on Oct 19, 2022.
             Slain by Terence
             ... wielding a +1 flail of distortion
              (8 damage)
             ... on level 2 of the Dungeon.
             The game lasted 00:03:09 (1173 turns).

MrRokkomies the Sneak (Armataur Delver)             Turns: 1173, Time: 00:03:09

Health: -3/33      AC:  4    Str: 17    XL:     3   Next: 60%
Magic:  3/3        EV:  9    Int: 10    God:
Gold:   51         SH:  0    Dex: 13    Spells: 2/2 levels left

rFire   . . .      SeeInvis .    n - +0 rapier
rCold   . . .      Faith    .    (no shield)
rNeg    . . .      Spirit   .    b - +0 leather armour
rPois   .          Reflect  .    (no helmet)
rElec   .          Harm     .    (no cloak)
rCorr   .          Roll     +    (no gloves)
Will    .....                    (no barding)
Stlth   +++.......               (no amulet)
HPRegen 0.25/turn                (no ring)
MPRegen 0.08/turn                (no ring)

@: no status effects
A: large, rugged brown scales 3, deformed body, armoured tail, roll, long
tongue, awkward tongue
a: no special abilities


You were on level 2 of the Dungeon.
You visited 1 branch of the dungeon, and saw 4 of its levels.

You collected 51 gold pieces.

Inventory:

Hand Weapons
 a - a +0 short sword
 n - a +0 rapier (weapon)
Missiles
 l - 6 datura-tipped darts (quivered)
Armour
 b - a +0 leather armour (worn)
Jewellery
 p - an amulet of faith
Wands
 g - a wand of digging (3)
Scrolls
 c - a scroll of fog
 d - 2 scrolls of magic mapping
 e - 2 scrolls of fear
 h - 7 scrolls of identify {unknown}
 j - a scroll of amnesia {unknown}
 k - a scroll of enchant armour {unknown}
Potions
 f - 2 potions of haste
 i - a potion of mutation {unknown}
 o - a potion of brilliance {unknown}
 q - a potion of attraction {unknown}


   Skills:
 * Level 3.3 Fighting
 * Level 2.5 Short Blades
 + Level 1.7 Dodging
 + Level 5.7 Stealth


You had 2 spell levels left.
You didn't know any spells.
Your spell library contained the following spells:

 Spells                   Type           Power      Damage    Failure   Level
 Ensorcelled Hibernation  Hex/Ice        0%         N/A       56%         2
 Sublimation of Blood     Necr           0%         N/A       56%         2
 Wereblood                Tmut           0%         N/A       56%         2
 Ozocubu's Armour         Ice            0%         N/A       80%         3
 Spider Form              Tmut/Pois      0%         N/A       80%         3
 Tukima's Dance           Hex            0%         N/A       80%         3
 Anguish                  Hex/Necr       0%         N/A       99%         4
 Passage of Golubria      Tloc           0%         N/A       99%         4
 Summon Lightning Spire   Summ/Air       0%         N/A       99%         4
 Yara's Violent Unravell  Hex/Tmut       0%         3d3       100%        5
 Ozocubu's Refrigeration  Ice            0%         4d7       100%        7
 Storm Form               Tmut/Air       0%         N/A       100%        7
 Summon Hydra             Summ           0%         N/A       100%        7
 Maxwell's Capacitive Co  Air            0%         ∞         100%        8


Dungeon Overview and Level Annotations

Branches:
Dungeon (5/15)
 Temple: D:4-7

Altars:
Gozag
Nemelex Xobeh

Annotations:
D:2 Terence


Innate Abilities, Weirdness & Mutations

You are completely covered in rugged brown scales. (AC +3, +7% HP)
Armour fits poorly on your strangely shaped body.
You have a long armoured tail.
You roll when moving toward enemies. (Rampage)
Your long tongue fully drains potion bottles. (2x potion effects)
Your tongue gives you trouble enunciating. (1.5x scroll delay)


Message History

Items here: ††††.
Terence shouts!
Throw: throwing net
Press: ? - help, Shift-Dir - straight line, f - Terence
Aim: Terence, wielding a +1 flail of distortion, wearing a +0 scale mail and carrying a wand of light (10) (61% to hit)
You throw a throwing net. The throwing net hits Terence.
Terence is caught in the net!
Terence struggles against the net.
You roll towards Terence!
You hit Terence but do no damage.
Terence struggles against the net.
You catch the helpless Terence completely off-guard!
You hit Terence.
Terence is moderately wounded.
Terence struggles against the net.
You hit Terence but do no damage.
Terence is moderately wounded.
Terence struggles against the net.
You hit Terence.
Terence is moderately wounded.
Terence struggles against the net.
The net rips apart, and Terence comes free!
You closely miss Terence.
Your tail-slap misses Terence.
Terence is moderately wounded.
Terence zaps a wand.
The bolt of light misses you.
You closely miss Terence.
Terence is moderately wounded.
Terence barely misses you.
You hit Terence but do no damage.
Terence is moderately wounded.
Terence zaps a wand.
The bolt of light misses you.
You hit Terence.
Your tail-slap misses Terence.
Terence is heavily wounded.
Terence zaps a wand.
The bolt of light hits you!!
Ouch! That really hurt!
Terence hits you but does no damage.
You blink.
Terence zaps a wand.
The bolt of light misses you.
Terence zaps a wand.
The bolt of light hits you!
* * * LOW HITPOINT WARNING * * *
Terence hits you with a +1 flail of distortion!
You die...

####### #.....######
####....###.#(##
..##....##.#.#P#
#.##........P.###########
#.#####......###........# #.#
#†##.....#....###.# #.#
#.##...###@@..# #.#
#.#####.##.#.# #...># #.#
......#.########....###.#
#.###.#.# #...........#
#.###.#.########.....#######
............................
#.#################..#######.
#.....................[......
#################.#..######..


You could see Terence.

Vanquished Creatures
  An adder (D:2)
  2 dart slugs
  6 orcs
  An endoplasm (D:3)
  3 giant cockroaches (D:3)
  2 goblins (D:3)
  3 hobgoblins
  A quokka (D:2)
  8 ball pythons
  2 bats (D:3)
  2 frilled lizards (D:2)
31 creatures vanquished.

Vanquished Creatures (others)
  2 plants (D:2)
2 creatures vanquished.

Grand Total: 33 creatures vanquished

Notes
Turn   | Place    | Note
-------+----------+-------------------------------------------
     0 | D:5      | MrRokkomies the Armataur Delver began the quest for the
                  | Orb.
     0 | D:5      | Reached XP level 1. HP: 19/19 MP: 1/1
    36 | D:5      | Noticed a necrophage
   469 | D:2      | Reached XP level 2. HP: 26/26 MP: 2/2
   567 | D:2      | Noticed Terence
   803 | D:3      | Found a sparkling altar of Nemelex Xobeh.
   804 | D:3      | Reached XP level 3. HP: 25/33 MP: 3/3
   921 | D:3      | Found an opulent altar of Gozag.
  1173 | D:2      | Slain by Terence

Illustrated notes

Levels and vault maps discovered:
D:2:      layout_basic, minmay_shallow_snake_nest, uniq_terence, uniq_robin
D:3:      layout_loops_cross, lemuel_doored_altar, lemuel_crystal_altar
D:4:      layout_basic, jmf_multi_god_temple
D:5:      layout_rooms, uniq_prince_ribbit1

Skill      XL: |  1  2 |
---------------+-------+-----
Short Blades   | 2 |  2.5
Fighting       | 3 |  3.3
Dodging        | |  1.7
Stealth        | |  5.7

Action                   || total
-------------------------++-------
Melee: Short sword       ||    41
       Tailslap          ||    11
       Rapier            ||    68
Throw: Throwing net      ||     1
 Stab: Sleeping          ||     5
       Distracted        ||     1
       Held in net/web   ||     1
Armor: Leather armour    ||    30
Dodge: Dodged            ||    41

Table legend: (Time is in decaauts)
 A = Elapsed time spent in this place.
 B = Non-inter-level travel time spent in this place.
 C = Inter-level travel time spent in this place.
 D = Time resting spent in this place.
 E = Time spent auto-exploring this place.
 F = Levels seen in this place.
 G = Mean time per level.
                   A        B        C        D        E       F      G
               +--------+--------+--------+--------+--------+-----+--------+
         Total |   1174 |   1113 |     61 |     68 |    799 |   4 |  293.5 |
       Dungeon |   1174 |   1113 |     61 |     68 |    799 |   4 |  293.5 |
               +--------+--------+--------+--------+--------+-----+--------+

Top non-repeatable levels by time:
     D:3: 470 daAuts
     D:2: 432 daAuts
     D:4: 227 daAuts
     D:5: 43 daAuts
